 Dungeon Crawl Stone Soup version 0.23-a0-629-gae4348f (webtiles) character file.

109 Leeroy the Slasher (level 4, -1/34 HPs)
             Began as a Barachi Skald on Dec 25, 2018.
             Slain by a bullfrog skeleton (4 damage)
             ... on level 4 of the Dungeon.
             The game lasted 00:06:11 (2215 turns).

Leeroy the Slasher (Barachi Skald)                  Turns: 2215, Time: 00:06:12

Health: -1/34      AC:  6    Str: 12    XL:     4   Next: 89%
Magic:  3/7        EV: 11    Int: 15    God:
Gold:   254        SH:  0    Dex: 11    Spells: 0/7 levels left

rFire    . . .     SeeInvis .   a - +0 falchion
rCold    . . .     Gourm    .   (no shield)
rNeg     . . .     Faith    .   t - +1 ring mail
rPois    .         Spirit   .   (no helmet)
rElec    .         Reflect  .   (no cloak)
rCorr    .         Harm     .   (no gloves)
MR       .....                  (no boots)
Stlth    +.........             (no amulet)
HPRegen  0.11/turn              (no ring)
MPRegen  0.10/turn              (no ring)

@: can't hop, hasted, quick
A: +LOS, swims, slowness 1, strong legs 1
a: Hop


You were on level 4 of the Dungeon.
You were very hungry.

You visited 1 branch of the dungeon, and saw 4 of its levels.

You collected 254 gold pieces.

Inventory:

Hand Weapons
 a - a +0 falchion (weapon)
 l - a +0 hunting sling
 n - a +0 short sword of flaming
 q - a +2 whip of venom
 y - a +1 dagger of electrocution
 A - a +2 dagger of venom
 B - a +0 hunting sling
Missiles
 g - 36 sling bullets
 i - 119 stones (quivered)
 m - 40 arrows
 o - 4 javelins
Armour
 b - a +0 leather armour
 k - a +0 naga barding of stealth
 t - a +1 ring mail (worn)
 x - a +0 scale mail
Jewellery
 f - an uncursed ring of fire {unknown}
Scrolls
 c - 4 scrolls of teleportation
 e - a scroll of enchant armour
 r - a scroll of immolation {unknown}
 s - a scroll of remove curse {unknown}
 v - a scroll of identify {unknown}
Potions
 j - a potion of flight {unknown}
 p - a potion of invisibility {unknown}
 u - a potion of degeneration {unknown}
 w - a potion of heal wounds {unknown}
 z - a potion of curing {unknown}
 C - a potion of might {unknown}
Comestibles
 d - 4 rations


   Skills:
 - Level 2.4 Fighting
 * Level 5.7 Long Blades
 - Level 1.2 Armour
 - Level 2.1 Dodging
 + Level 0.3 Stealth
 - Level 2.1 Spellcasting
 - Level 3.4 Charms


You couldn't memorise any spells.
You knew the following spells:

 Your Spells              Type           Power        Failure   Level  Hunger
a - Infusion              Chrm           ##..         12%         1    #......
b - Spectral Weapon       Hex/Chrm       #.......     58%         3    ###....
c - Regeneration          Chrm/Necr      #.........   58%         3    ###....

Your spell library contained the following spells:

 Spells                   Type           Power        Failure   Level  Hunger
 Song of Slaying          Chrm           ##......     19%         2    ###....
 Shroud of Golubria       Chrm/Tloc      #.........   36%         2    ###....


Dungeon Overview and Level Annotations

Branches:
Dungeon (4/15)
 Temple: D:4-7

Altars:

Annotations:
D:3 Terence


Innate Abilities, Weirdness & Mutations

Shadows flee at your approach. (+LOS)
You can swim through water.
You cover ground slowly.
You can hop short distances.


Message History

The bullfrog skeleton is lightly damaged.
The bullfrog skeleton hits you.
* * * LOW HITPOINT WARNING * * *
You hit the bullfrog skeleton.
The bullfrog skeleton is heavily damaged.
The bullfrog skeleton hits you but does no damage.
You barely miss the bullfrog skeleton.
The bullfrog skeleton is heavily damaged.
The bullfrog skeleton completely misses you.
Unknown command.
Casting: Infusion (safe; 12% risk of failure)
Confirm with . or Enter, or press ? or * to list all spells.
Okay, then.
You hit the bullfrog skeleton.
The bullfrog skeleton is heavily damaged.
The bullfrog skeleton hits you but does no damage.
You hit the bullfrog skeleton.
The bullfrog skeleton is severely damaged.
The bullfrog skeleton hits you.
You die...

#..........# #
#(##.###...... .
#(##?.. ...!.#
#...####)#####...##..
#........$........ ##
#..#####o#####...#.
#o# ### #Z# #@#
#........# ##########


You could see 2 orcs and a bullfrog skeleton.

Vanquished Creatures
  Jessica (D:2)
  2 adders (D:2)
  A worm (D:3)
  4 dart slugs (D:1)
  A leopard gecko (D:1)
  An orc (D:4)
  2 ball pythons
  8 bats
  A giant cockroach (D:2)
  5 goblins
  4 hobgoblins
  6 jackals
  5 kobolds
  A quokka (D:2)
  8 frilled lizards
  2 rats (D:1)
52 creatures vanquished.

Notes
Turn   | Place    | Note
-------+----------+-------------------------------------------
     0 | D:1      | Leeroy the Barachi Skald began the quest for the Orb.
     0 | D:1      | Reached XP level 1. HP: 17/17 MP: 3/3
   123 | D:1      | Reached skill level 3 in Long Blades
   123 | D:1      | Reached XP level 2. HP: 10/23 MP: 0/5
   601 | D:1      | Reached XP level 3. HP: 27/28 MP: 6/6
   606 | D:1      | Learned a level 3 spell: Spectral Weapon
   627 | D:1      | Reached skill level 4 in Long Blades
  1118 | D:2      | Noticed Jessica
  1127 | D:2      | Killed Jessica
  1127 | D:2      | Reached skill level 5 in Long Blades
  1127 | D:2      | Reached XP level 4. HP: 22/34 MP: 7/7
  2000 | D:3      | Noticed Terence
  2033 | D:2      | Learned a level 3 spell: Regeneration
  2215 | D:4      | Slain by a bullfrog skeleton

Vault maps used:
D:1:      co_arrival_random_square_maze
D:2:      first_ration, grunt_ministairs_8, minmay_octomino_j4, uniq_jessica
D:3:      kennysheep_generic_room_2, uniq_terence
D:4:      minmay_rat_hole

Skill      XL: |  1  2  3 |
---------------+----------+-----
Long Blades    | 3 5 |  5.7
Fighting       | |  2.4
Armour         | |  1.2
Dodging        | |  2.1
Stealth        | |  0.3
Spellcasting   | |  2.1
Charms         | |  3.4

Action                   |  1- 3 |  4- 6 || total
-------------------------+-------+-------++-------
Melee: Falchion          |   102 |    76 ||   178
Throw: Stone             |       |     5 ||     5
 Cast: Infusion          |     2 |     2 ||     4
 Abil: Hop               |       |     1 ||     1
  Use: Scroll            |     1 |     1 ||     2
       Potion            |       |     1 ||     1
  Eat: Chunk             |     1 |     3 ||     4
Armor: Leather armour    |    52 |    14 ||    66
       Ring mail         |       |    13 ||    13
Dodge: Dodged            |    94 |    74 ||   168
       Rpst.: Falchion   |    29 |    22 ||    51

Table legend:
 A = Non-vault XP
 B = Vault XP
 C = Vault XP percentage of total XP
 D = Non-vault monster count
 E = Vault monster count
 F = Vault count percentage of total count
                 A         B        C        D         E       F
            +---------+---------+-------+---------+---------+-------
      Total |     111 |      45 |  28.8 |      46 |       6 |  11.5
            +---------+---------+-------+---------+---------+-------
        D:1 |      52 |       0 |   0.0 |      28 |       0 |   0.0
        D:2 |      49 |      45 |  47.9 |      15 |       6 |  28.6
        D:3 |       7 |       0 |   0.0 |       2 |       0 |   0.0
        D:4 |       3 |       0 |   0.0 |       1 |       0 |   0.0
            +---------+---------+-------+---------+---------+-------
